 Dungeon Crawl Stone Soup version 0.27-a0-883-g39567a0c06 (webtiles) character file.

Game seed: 6793523716435271638

21 HELP the Changer (level 2, -4/18 HPs)
             Began as an Octopode Transmuter on Apr 3, 2021.
             Was a Plaything of Xom.
             Slain by an adder (5 damage)
             ... on level 2 of the Dungeon.
             The game lasted 00:04:09 (1566 turns).

HELP the Changer (Octopode Transmuter)              Turns: 1566, Time: 00:04:10

Health: -4/18      AC:  1    Str:  5    XL:     2   Next: 87%
Magic:  4/5        EV: 13    Int: 15    God:    Xom [......]
Gold:   14         SH:  0    Dex: 12    Spells: 2/5 levels left

rFire    . . .     SeeInvis .   a - +0 short sword
rCold    . . .     Faith    .   (no shield)
rNeg     . . .     Spirit   .   (helmet currently unavailable)
rPois    .         Reflect  .   (no amulet)
rElec    .         Harm     .   (no ring)
rCorr    .         Rampage  .   (no ring)
Will     .....                  (no ring)
Stlth    ++........             (no ring)
HPRegen  0.06/turn              (no ring)
MPRegen  0.09/turn              (no ring)
                                (no ring)
                                (no ring)

@: appendages, unable to read
A: tentacle spike 3, almost no armour, amphibious, 8 rings, camouflage 1,
gelatinous body 1, (nimble swimmer 1), tentacles, weak 2, inability to read
while threatened
a: End Transformation, Renounce Religion


You were on level 2 of the Dungeon.
You worshipped Xom.
You were a very special plaything of Xom.
One of your tentacles had grown a beastly spike.
You visited 1 branch of the dungeon, and saw 2 of its levels.

You collected 14 gold pieces.

Inventory:

Hand Weapons
 a - a +0 short sword (weapon)
Missiles
 b - 27 sling bullets
Scrolls
 c - a scroll of teleportation {unknown}
 e - a scroll of amnesia {unknown}
Potions
 d - a potion of magic {unknown}


   Skills:
 - Level 1.0 Fighting
 - Level 2.0 Dodging
 - Level 3.0 Unarmed Combat
 + Level 2.2 Spellcasting
 * Level 3.1 Transmutations


You had 2 spell levels left.
You knew the following spells:

 Your Spells              Type           Power      Damage    Failure   Level
a - Beastly Appendage     Tmut           22%        N/A       6%          1
w - Wereblood             Tmut           11%        N/A       9%          2

Your spell library contained the following spells:

 Spells                   Type           Power      Damage    Failure   Level
 Spider Form              Tmut/Pois      3%         N/A       34%         3
 Ice Form                 Ice/Tmut       6%         N/A       75%         4
 Hydra Form               Tmut           5%         N/A       86%         5


Dungeon Overview and Level Annotations

Branches:
Dungeon (2/15)

Altars:
Xom


Innate Abilities, Weirdness & Mutations

One of your tentacles has grown a beastly spike.
You cannot wear most types of armour.
You are amphibious.
You can wear up to eight rings at the same time.
Your skin changes colour to match your surroundings (Stealth+).
Your rubbery body absorbs attacks. (AC +1, EV +1)
((You are camouflaged near water. (Stealth+)))
You have tentacles for arms and can constrict up to eight enemies at once.
You are very weak. (Str -4)
You sometimes lose the ability to read scrolls when taking damage.


Message History

The adder bites you.
You feel threatened and lose the ability to read scrolls!
The adder misses you.
You are too injured to fight recklessly!
You are too injured to fight recklessly!
You closely miss the adder. Your grab misses the adder.
The adder is heavily wounded.
Your tentacle spike disappears.
The adder bites you.
* * * LOW HITPOINT WARNING * * *
You hit the adder but do no damage. Your grab misses the adder.
The adder is heavily wounded.
The adder barely misses you. x2
Casting: Beastly Appendage (safe; 6% risk of failure)
Confirm with . or Enter, or press ? or * to list all spells.
One of your tentacles grows a vicious spike.
The adder misses you.
You hit the adder. Your grab misses the adder.
Your tentacle-slap misses the adder.
The adder is severely wounded.
You can read scrolls again.
The adder bites you.
* * * LOW HITPOINT WARNING * * *
You closely miss the adder. You grab the adder.
The adder is severely wounded.
You constrict the adder, but do no damage.
The adder misses you. The adder closely misses you.
You hit the adder but do no damage. Your squeeze misses the adder.
The adder is severely wounded.
You constrict the adder. The adder bites you.
You feel threatened and lose the ability to read scrolls!
* * * LOW HITPOINT WARNING * * *
You hit the adder but do no damage.
The adder is almost dead.
You can read scrolls again.
You constrict the adder. The adder bites you.
* * * LOW HITPOINT WARNING * * *
The adder bites you.
You feel threatened and lose the ability to read scrolls!
You die...

.... ...# ...
..#####.####
..........#
...##..#.##
#S.##.....##
#@.........###
##..#.........
##.#.#....... ..
#........... #.
###.†....... .#
#.####..†...... #..
...........####
#...##.###...#..#
##......##.#......#


You could see an adder.

Vanquished Creatures
  3 ball pythons
  A bat (D:1)
  An endoplasm (D:1)
  A goblin (D:1)
  A hobgoblin (D:1)
  5 jackals (D:1)
  A quokka (D:1)
  2 kobolds (D:1)
  4 rats
19 creatures vanquished.

Notes
Turn   | Place    | Note
-------+----------+-------------------------------------------
     0 | D:1      | HELP the Octopode Transmuter began the quest for the Orb.
     0 | D:1      | Reached XP level 1. HP: 13/13 MP: 3/3
   156 | D:1      | Found a faded altar of an unknown god.
   174 | D:1      | Became a worshipper of Xom of Chaos
   406 | D:1      | Reached XP level 2. HP: 18/18 MP: 1/5
  1030 | D:1      | XOM: divination: detect creatures
  1048 | D:1      | XOM: summons 2 hostile shadow creatures
  1277 | D:1      | XOM: silly message
  1485 | D:1      | XOM: give mutations
  1485 | D:1      | Gained mutation: You are weak. (Str -2) [Xom's mischief]
  1485 | D:1      | Gained mutation: You are very weak. (Str -4) [Xom's
                  | mischief]
  1485 | D:1      | Gained mutation: You sometimes lose the ability to read
                  | scrolls when taking damage. [Xom's mischief]
  1534 | D:2      | Learned a level 2 spell: Wereblood
  1566 | D:2      | Slain by an adder

Illustrated notes

Levels and vault maps discovered:
D:1:      onia_arrival_handbag, layout_basic, serial_aquarium,
          aquarium_bridge_square [aquarium_subvault_bridge,
          aquarium_subvault_bridge, aquarium_subvault_window,
          aquarium_subvault_window], aquarium_window_fake, aquarium_window_2,
          aquarium_window_corridor_1, aquarium_window_1, aquarium_view_2g,
          aquarium_view_2c, aquarium_balcony_3b, aquarium_pool_2,
          basic_ecumenical_altar
D:2:      layout_rooms, minmay_fountain_box, uniq_sigmund, uniq_jessica

Skill      XL: |  1  2 |
---------------+-------+-----
Transmutations | 3 |  3.1
Fighting       | |  1.0
Dodging        | |  2.0
Unarmed Combat | |  3.0
Spellcasting   | |  2.2

Action                   || total
-------------------------++-------
Melee: Short sword       ||    51
       Constrict         ||     8
       Tentacles         ||     7
       Unarmed           ||     1
       Kick              ||     7
 Cast: Beastly Appendage ||    13
 Stab: Sleeping          ||     4
Armor: Skin              ||     4
Dodge: Dodged            ||    27

Table legend: (Time is in decaauts)
 A = Elapsed time spent in this place.
 B = Non-inter-level travel time spent in this place.
 C = Inter-level travel time spent in this place.
 D = Time resting spent in this place.
 E = Time spent auto-exploring this place.
 F = Levels seen in this place.
 G = Mean time per level.
                   A        B        C        D        E       F      G
               +--------+--------+--------+--------+--------+-----+--------+
         Total |   1570 |   1554 |     16 |    245 |   1149 |   2 |  785.0 |
       Dungeon |   1570 |   1554 |     16 |    245 |   1149 |   2 |  785.0 |
               +--------+--------+--------+--------+--------+-----+--------+

Top non-repeatable levels by time:
     D:1: 1530 daAuts
     D:2: 39 daAuts
